 Dungeon Crawl Stone Soup version 0.29-a0-563-g64e4043184 (webtiles) character file.

Game seed: 1922778585820043453

438 dolemite99 the Purveyor of Pain (level 7, 0/50 HPs)
             Began as a Meteoran Necromancer on June 12, 2022.
             Was an Initiate of Kikubaaqudgha.
             Slain by a phantom (7 damage)
             ... on level 5 of the Dungeon.
             The game lasted 00:06:24 (1621 turns).

dolemite99 the Purveyor of Pain (MeNe)              Turns: 1621, Time: 00:06:25

Health: 0/50       AC:  3    Str:  9    XL:     7   Next: 46%
Magic:  7/13       EV: 12    Int: 18    God:    Kikubaaqudgha [......]
Gold:   166        SH:  0    Dex: 16    Spells: 4/12 levels left

rFire   + . .      SeeInvis .   a - +0 hunting sling
rCold   + . .      Faith    .   (no shield)
rNeg    . . .      Spirit   .   d - +0 robe
rPois   +          Reflect  .   (no helmet)
rElec   +          Harm     .   f - +0 cloak
rCorr   +          Rampage  .   (no gloves)
Will    .....                   (no boots)
Stlth   +.........              (no amulet)
HPRegen 0.16/turn               (no ring)
MPRegen 0.13/turn               (no ring)

@: resistant, glowing
A: sense surroundings 1, otherworldly, glowing, explore regen
a: Renounce Religion


You were on level 5 of the Dungeon.
You worshipped Kikubaaqudgha.
Kikubaaqudgha was noncommittal.
You visited 1 branch of the dungeon, and saw 5 of its levels.

You collected 166 gold pieces.

Inventory:

Hand Weapons
 a - a +0 hunting sling (weapon)
 c - a +0 broad axe
 g - a +0 dagger of speed
 h - the +7 hand axe "Yciptiz" {vorpal, +Blink rElec}
   (You found it on level 3 of the Dungeon)

   It inflicts extra damage upon your enemies.
   rElec:     It insulates you from electricity.
   +Blink:    It lets you blink.
 j - a +1 flail of protection
 n - a +0 short sword
Missiles
 e - 50 stones
Armour
 d - a +0 robe (worn)
 f - a +0 cloak (worn)
 i - a +2 plate armour of fire resistance
Jewellery
 r - a +6 ring of dexterity
Wands
 m - a wand of polymorph (9)
Potions
 q - a potion of cancellation


   Skills:
 - Level 2.4 Dodging
 - Level 1.4 Stealth
 + Level 3.4 Spellcasting
 - Level 8.7 Necromancy


You had 4 spell levels left.
You knew the following spells:

 Your Spells              Type           Power      Damage    Failure   Level
a - Necrotize             Necr           100%       1d9       1%          1
b - Vampiric Draining     Necr           34%        2d8       1%          3
c - Animate Dead          Necr           34%        N/A       4%          4

Your spell library contained the following spells:

 Spells                   Type           Power      Damage    Failure   Level
 Poisonous Vapours        Pois/Air       6%         N/A       24%         2
 Inner Flame              Hex/Fire       3%         N/A       43%         3
 Corpse Rot               Necr/Pois/Air  13%        N/A       43%         4
 Animate Armour           Summ/Erth      6%         N/A       83%         4
 Cause Fear               Hex            1%         N/A       83%         4
 Agony                    Necr           34%        N/A       12%         5
 Blade Hands              Tmut           1%         N/A       99%         5
 Iron Shot                Conj/Erth      1%         9d1       100%        6
 Discord                  Hex            1%         N/A       100%        8


Dungeon Overview and Level Annotations

Branches:
Dungeon (5/15)
 Temple: D:4-7

Altars:
Cheibriados
Kikubaaqudgha
Yredelemnul


Innate Abilities, Weirdness & Mutations

You passively map a small area around you.
You are easily found by Zot.
You glow in the dark.
You regain HP and MP as you explore.


Message History

Aiming: Vampiric Draining (safe; 1% risk of failure)
Press: ? - help, Shift-Dir - straight line, f - orc priest
Aim: an orc priest, wielding a +0 flail You draw life force from the orc priest!
You feel life coursing into your body.
The orc priest hits you with a +0 flail.
The phantom hits you.
* * * LOW HITPOINT WARNING * * *
The phantom blinks!
You blink.
You aren't carrying any scrolls.
The gnoll hits you from afar with a +0 spear.
* * * LOW HITPOINT WARNING * * *
The orc priest hits you but does no damage.
The orc is engulfed in poison gas.
The orc is poisoned.
You kill the orc!
Kikubaaqudgha accepts your kill.
You kill the gnoll!
Kikubaaqudgha accepts your kill. The orc priest barely misses you.
The gnoll completely misses you.
There is a stone staircase leading up here.
Things that are here:
a +0 falchion; a +0 leather armour The phantom hits you.
* * * LOW HITPOINT WARNING * * *
The phantom blinks!
You blink.
You stop ascending the stairs.
An orc priest, a water moccasin and a hound come into view.
Casting: Vampiric Draining (safe; 1% risk of failure)
Confirm with . or Enter, or press ? or * to list all spells.
Aiming: Vampiric Draining (safe; 1% risk of failure)
Press: ? - help, Shift-Dir - straight line, f/p - orc priest
Aim: an orc priest, wielding a +0 flail (heavily wounded)
You draw life force from the orc priest!
You kill the orc priest!
Kikubaaqudgha accepts your kill.
You feel life coursing into your body.
The water moccasin hisses angrily.
The orc priest is engulfed in poison gas.
The orc priest is poisoned.
The phantom hits you!
You die...
Kikubaaqudgha rasps: "You have failed me!
Welcome... death!"

,[....................
,.........###..#......
.......§.# #....#####
........§###...##
......ggoY......#
......)§§○§[....#
.......g°°○☼....# ,
......g§○§○☼○)..# ,
....##.○☼§☼§☼@o.# * *
, ...#
#......W..#..... ##
#.........o.#.## ,
#............. * *
..........###... ,**
#.#####....# ##. *
Sh.#.# , * ....*.# , ,
*


You could see a water moccasin, an ice beast, a phantom, a gnoll shaman
(poisoned), a hound, 2 orc priests, an orc wizard and 3 gnolls.

Vanquished Creatures
  A necrophage (D:3)
  A scorpion (D:4)
  A jelly (D:4)
  An orc priest (D:5)
  A hound (D:2)
  Jessica (D:3)
  An iguana (D:4)
  Terence (D:3)
  5 gnolls
  4 adders
  A worm (D:2)
  A dart slug (D:4)
  4 orcs
  3 endoplasms
  4 giant cockroaches
  4 goblins
  3 hobgoblins
  4 kobolds
  A quokka (D:4)
  6 ball pythons
  3 frilled lizards
  4 rats
55 creatures vanquished.

Vanquished Creatures (collateral kills)
  A hound (D:4)
  An adder (D:3)
  A bat (D:3)
  An endoplasm (D:2)
  A ball python (D:3)
5 creatures vanquished.

Grand Total: 60 creatures vanquished

Notes
Turn   | Place    | Note
-------+----------+-------------------------------------------
     0 | D:1      | dolemite99 the Meteoran Necromancer began the quest for the
                  | Orb.
     0 | D:1      | Reached XP level 1. HP: 14/14 MP: 5/5
   142 | D:2      | Reached XP level 2. HP: 20/20 MP: 3/6
   170 | D:3      | Noticed Jessica
   172 | D:3      | Killed Jessica
   173 | D:3      | Reached skill level 5 in Necromancy
   173 | D:3      | Reached XP level 3. HP: 26/26 MP: 5/8
   345 | D:2      | Reached XP level 4. HP: 33/33 MP: 6/9
   361 | D:2      | Reached skill level 6 in Necromancy
   470 | D:3      | Reached XP level 5. HP: 37/38 MP: 6/10
   484 | D:3      | Learned a level 3 spell: Vampiric Draining
   489 | D:3      | Learned a level 4 spell: Animate Dead
   534 | D:3      | Identified the +7 hand axe "Yciptiz" {vorpal, +Blink rElec}
   598 | D:3      | Noticed Terence
   607 | D:3      | Killed Terence
   608 | D:3      | Reached skill level 7 in Necromancy
   620 | D:3      | Reached XP level 6. HP: 36/45 MP: 5/11
  1117 | D:4      | Reached skill level 8 in Necromancy
  1207 | D:4      | Reached XP level 7. HP: 22/50 MP: 7/12
  1460 | D:4      | Found an ancient bone altar of Kikubaaqudgha.
  1466 | D:4      | Found a snail-covered altar of Cheibriados.
  1466 | D:4      | Found a basalt altar of Yredelemnul.
  1487 | D:4      | Became a worshipper of Kikubaaqudgha
  1602 | D:4      | You fall into a shaft and drop 1 floor!
  1602 | D:5      | Entered Level 5 of the Dungeon
  1620 | D:5      | HP: 2/50 [phantom (5)]
  1620 | D:5      | Noticed a water moccasin
  1621 | D:5      | Slain by a phantom

Illustrated notes

Levels and vault maps discovered:
D:1:      erik_arrival_orb_chamber, layout_basic,
          dreamdust_ecumenical_altar_hidden_monk_grotto, minmay_misc_feat_cross
D:2:      layout_basic
D:3:      kennysheep_the_goblin_king, layout_loops_ring, st_stairs_3,
          minivault_4, uniq_terence, uniq_jessica, uniq_natasha
D:4:      cheibrodos_barr_body, layout_cave_pools, grunt_temple_overflow_open,
          minmay_temple_entry_statues
D:5:      layout_rooms

Skill      XL: |  1  2  3  4  5  6  7 |
---------------+----------------------+-----
Necromancy     | 5 6 7 8 |  8.7
Spellcasting   | 3 |  3.4
Dodging        | |  2.4
Stealth        | |  1.4

Action                   |  1- 3 |  4- 6 |  7- 9 || total
-------------------------+-------+-------+-------++-------
Melee: Broad axe         |     2 |       |       ||     2
       Dagger            |       |     5 |       ||     5
       Flail             |       |    24 |       ||    24
       Punch             |       |     1 |       ||     1
 Fire: Hunting sling     |       |     2 |       ||     2
 Cast: Necrotize         |    22 |    76 |    20 ||   118
       Vampiric Draining |       |       |     2 ||     2
  Use: Potion            |       |     1 |     4 ||     5
       Scroll            |       |     1 |     2 ||     3
Armor: Robe              |     4 |    28 |     5 ||    37
Dodge: Dodged            |     6 |    71 |    11 ||    88

Table legend: (Time is in decaauts)
 A = Elapsed time spent in this place.
 B = Non-inter-level travel time spent in this place.
 C = Inter-level travel time spent in this place.
 D = Time resting spent in this place.
 E = Time spent auto-exploring this place.
 F = Levels seen in this place.
 G = Mean time per level.
                   A        B        C        D        E       F      G
               +--------+--------+--------+--------+--------+-----+--------+
         Total |   1629 |   1614 |     15 |    459 |    289 |   5 |  325.8 |
       Dungeon |   1629 |   1614 |     15 |    459 |    289 |   5 |  325.8 |
               +--------+--------+--------+--------+--------+-----+--------+

Top non-repeatable levels by time:
     D:3: 649 daAuts
     D:4: 503 daAuts
     D:1: 241 daAuts
     D:2: 216 daAuts
     D:5: 18 daAuts
